 Dungeon Crawl Stone Soup version 0.26-a0-812-g31a745ddcd (webtiles) character file.

Game seed: 16875248849508277927

5763 graki42 the Thaumaturge (level 10, -2/50 HPs)
             Began as a Deep Elf Conjurer on Nov 21, 2020.
             Was a Believer of Vehumet.
             Killed from afar by a steam dragon (21 damage)
             ... with a ball of steam
             ... on level 10 of the Dungeon.
             The game lasted 00:28:01 (11500 turns).

graki42 the Thaumaturge (Deep Elf Conjurer)        Turns: 11500, Time: 00:28:02

Health: -2/50      AC:  4    Str:  7    XL:     10   Next: 49%
Magic:  18/26      EV: 13    Int: 36    God:    Vehumet [**....]
Gold:   564        SH: 10    Dex: 13    Spells: 18/29 levels left

rFire    . . .     SeeInvis .   y - staff of conjuration
rCold    . . .     Faith    .   t - +0 buckler
rNeg     . . .     Spirit   .   n - +0 robe (curse)
rPois    .         Reflect  +   (no helmet)
rElec    .         Harm     .   g - +0 cloak
rCorr    .         Rampage  .   (no gloves)
MR       +....                  o - +0 pair of boots
Stlth    ++........             k - amulet of reflection
HPRegen  0.16/turn              h - +6 ring of intelligence
MPRegen  0.20/turn              s - +6 ring of intelligence

@: no status effects
A: no striking features
a: Renounce Religion


You were on level 10 of the Dungeon.
You worshipped Vehumet.
Vehumet was pleased with you.
You visited 2 branches of the dungeon, and saw 11 of its levels.

You collected 609 gold pieces.
You spent 45 gold pieces at shops.

Inventory:

Armour
 g - a +0 cloak (worn)
 n - a cursed +0 robe (worn)
 o - a +0 pair of boots (worn)
 t - a +0 buckler (worn)
 v - a +0 troll leather armour
 z - a +2 leather armour of cold resistance
Magical Staves
 y - an uncursed staff of conjuration (weapon)
Jewellery
 h - a +6 ring of intelligence (left hand)
 k - an amulet of reflection (around neck)
 p - an uncursed amulet of the acrobat
 s - a +6 ring of intelligence (right hand)
 w - an uncursed amulet of regeneration
Wands
 a - a wand of enslavement (7)
 u - a wand of flame (24)
 C - a wand of random effects (9)
Scrolls
 b - 3 scrolls of remove curse
 f - a scroll of teleportation
 i - a scroll of enchant armour
 j - 4 scrolls of amnesia {unknown}
 l - 2 scrolls of fear
 q - 3 scrolls of random uselessness {unknown}
 r - a scroll of enchant weapon
 A - a scroll of immolation
 E - a scroll of blinking {unknown}
Potions
 c - a potion of invisibility {unknown}
 d - a potion of magic
 e - 3 potions of curing {unknown}
 m - 3 potions of attraction {unknown}
 x - a potion of degeneration {unknown}
 B - a potion of might {unknown}
 D - a potion of lignification {unknown}
 F - 2 potions of flight
 G - a potion of berserk rage {unknown}
 H - a potion of experience {unknown}


   Skills:
 - Level 3.0 Dodging
 - Level 3.0 Stealth
 - Level 4.0 Shields
 + Level 10.3 Spellcasting
 + Level 9.4 Conjurations
 + Level 9.4 Hexes
 + Level 7.9 Translocations


You had 18 spell levels left.
You knew the following spells:

 Your Spells              Type           Power        Failure   Level
a - Magic Dart            Conj           ####         1%          1
b - Searing Ray           Conj           ######       1%          2
c - Fulminant Prism       Conj/Hex       #######...   1%          4
d - Iskenderun's Mystic   Conj/Tloc      #######.     1%          4

Your spell library contained the following spells:

 Spells                   Type           Power        Failure   Level
 Static Discharge         Conj/Air       ######..     1%          3
 Corona                   Hex            ######.      1%          1
 Foxfire                  Conj/Fire      ####         1%          1
 Slow                     Hex            ######..     1%          2
 Conjure Flame            Conj/Fire      ######..     1%          3
 Dazzling Flash           Conj/Hex       ######       1%          3
 Inner Flame              Hex/Fire       ######..     1%          3
 Portal Projectile        Hex/Tloc       ######       1%          3
 Cause Fear               Hex            ######....   1%          4
 Leda's Liquefaction      Hex/Erth       ######....   3%          4
 Sticky Flame             Conj/Fire      ######..     3%          4
 Fireball                 Conj/Fire      ######....   9%          5


Dungeon Overview and Level Annotations

Branches:
Dungeon (10/15)            Temple (1/1) D:5            Lair (0/6) D:9
    Orc: D:9-12

Altars:
Ashenzari
Cheibriados
Dithmenos
Elyvilon
Fedhas
Gozag
Hepliaklqana
Kikubaaqudgha
Makhleb
Nemelex Xobeh
Okawaru
Qazlal
Ru
Sif Muna
Trog
Uskayaw
Vehumet
Wu Jian
Xom
Yredelemnul
Zin
The Shining One

Shops:
D:8 *


Message History

Confirm with . or Enter, or press ? or * to list all spells.
Aiming: Searing Ray (safe; 1% risk of failure)
Press: ? - help, Shift-Dir - straight line, f/p - steam dragon
Aim: a steam dragon (steam, heavily wounded, catching its breath)
You feel a surge of power!
The searing ray misses the steam dragon. (Press . to maintain the ray.)
You are engulfed in a cloud of scalding steam.
You block the steam dragon's attack. The steam dragon claws you.
Casting: Searing Ray (safe; 1% risk of failure)
Confirm with . or Enter, or press ? or * to list all spells.
Aiming: Searing Ray (safe; 1% risk of failure)
Press: ? - help, Shift-Dir - straight line, f/p - steam dragon
Aim: a steam dragon (heavily wounded, catching its breath)
You feel a surge of power!
The searing ray hits the steam dragon!
The steam dragon is almost dead. (Press . to maintain the ray.)
The steam dragon breathes steam at you. The ball of steam hits you!!
You die...

§§§§§§≈§≈≈§≈≈ ≈§§
§§§§§§≈§≈≈≈§
≈≈≈§§§§§#§≈≈≈≈≈ §
§≈§§≈≈≈≈≈≈§≈≈# §≈
≈≈§≈≈≈≈.≈≈≈≈≈# ≈§≈
##§§.##....≈..#
....
#..<##<.##...##...#
#..##<#..##§D...#
##......##..@.#..#
#.###.#.#.##.# ##
##.>###..#..#.#
#### ###...### ####


You could see a steam dragon (catching breath).

Vanquished Creatures
  Psyche (D:8)
  A troll (D:6)
  A hornet (D:7)
  A wyvern (D:9)
  A yak (D:7)
  A steam dragon (D:7)
  2 orc warriors
  3 sky beasts
  A black bear (D:8)
  3 ogres
  3 ice beasts
  4 phantoms
  3 necrophages
  Blork the orc (D:5)
  2 big kobolds (D:7)
  6 bullfrogs
  2 gnoll sergeants (D:8)
  5 wights
  5 killer bees (D:8)
  2 howler monkeys
  3 bullfrog zombies
  A quasit (D:8)
  A bullfrog skeleton (D:4)
  3 jellies
  3 orc priests
  A centaur skeleton (D:9)
  7 hounds
  2 gnoll shamans (D:8)
  4 iguanas
  12 orc wizards
  Natasha (D:3)
  Ijyb (D:4)
  A statue (D:6)
  7 worker ants
  2 hound skeletons
  6 adders
  19 gnolls (D:8)
  A shadow imp (D:5)
  3 white imps
  2 ufetubi
  An ooze (D:2)
  An adder skeleton (D:5)
  An adder zombie (D:5)
  A worm (D:4)
  4 dart slugs
  7 leopard geckos
  30 orcs
  12 giant cockroaches
  6 goblins
  6 hobgoblins
  11 jackals
  6 kobolds
  5 quokkas
  A ball python (D:5)
  7 bats
  A frilled lizard (D:1)
  A jackal skeleton (D:8)
  A quokka skeleton (D:7)
  A quokka zombie (D:8)
  A rat (D:2)
232 creatures vanquished.

Vanquished Creatures (others)
  12 fulminant prisms
  9 fungi (D:7)
21 creatures vanquished.

Grand Total: 253 creatures vanquished

Notes
Turn   | Place    | Note
-------+----------+-------------------------------------------
     0 | D:1      | graki42 the Deep Elf Conjurer began the quest for the Orb.
     0 | D:1      | Reached XP level 1. HP: 10/10 MP: 6/6
   209 | D:1      | Reached XP level 2. HP: 15/15 MP: 5/8
   264 | D:1      | Learned a level 2 spell: Searing Ray
  1373 | D:2      | Reached XP level 3. HP: 19/19 MP: 5/10
  1621 | D:2      | Found a sacrificial altar of Ru.
  1623 | D:2      | Reached skill level 4 in Spellcasting
  1623 | D:2      | Reached skill level 5 in Conjurations
  1623 | D:2      | Reached XP level 4. HP: 24/24 MP: 9/12
  1630 | D:2      | Learned a level 4 spell: Fulminant Prism
  1635 | D:2      | Learned a level 4 spell: Iskenderun's Mystic Blast
  2044 | D:2      | Reached skill level 1 in Hexes
  2414 | D:3      | Noticed Natasha
  2420 | D:3      | Killed Natasha
  2420 | D:3      | Reached skill level 1 in Translocations
  2837 | D:4      | Reached XP level 5. HP: 28/28 MP: 10/13
  2859 | D:4      | Noticed a phantom
  2868 | D:4      | Killed a phantom
  2868 | D:4      | Reached skill level 5 in Spellcasting
  3016 | D:4      | Reached XP level 6. HP: 32/32 MP: 11/15
  3441 | D:4      | Noticed Ijyb
  3446 | D:4      | Killed Ijyb
  3855 | D:4      | Reached XP level 7. HP: 25/36 MP: 6/17
  3958 | D:4      | Reached skill level 6 in Spellcasting
  4218 | D:5      | Entered Level 5 of the Dungeon
  4748 | D:5      | Reached skill level 5 in Hexes
  4765 | D:5      | Reached XP level 8. HP: 41/41 MP: 5/20
  4867 | D:5      | Reached skill level 7 in Spellcasting
  5036 | D:5      | Noticed Blork the orc
  5045 | D:5      | Killed Blork the orc
  5242 | D:5      | Found a staircase to the Ecumenical Temple.
  5252 | Temple   | Entered the Ecumenical Temple
  6008 | D:6      | Reached skill level 1 in Shields
  6008 | D:6      | Reached skill level 5 in Translocations
  6176 | D:6      | Noticed a troll
  6186 | D:6      | Killed a troll
  6186 | D:6      | Reached skill level 8 in Spellcasting
  6564 | D:6      | Reached XP level 9. HP: 45/45 MP: 19/23
  6784 | D:6      | Found a radiant altar of Vehumet.
  6803 | D:6      | Became a worshipper of Vehumet
  8260 | D:7      | Found a basalt altar of Yredelemnul.
  8332 | D:7      | Reached skill level 9 in Spellcasting
  9142 | D:8      | Reached * piety under Vehumet
  9142 | D:8      | Offered knowledge of Shock by Vehumet.
  9251 | D:8      | Found Paodykas's Assorted Antiques.
  9261 | D:8      | Bought a scroll labelled HIOGOM BAGH for 24 gold pieces
  9261 | D:8      | Bought a ruby potion for 21 gold pieces
  9303 | D:8      | Reached XP level 10. HP: 50/50 MP: 16/25
  9884 | D:8      | Noticed Psyche
  9888 | D:8      | Killed Psyche
  9899 | D:8      | Reached ** piety under Vehumet
  9899 | D:8      | Offered knowledge of Sandblast by Vehumet.
  9905 | D:8      | Reached skill level 10 in Spellcasting
 10475 | D:8      | Found a shimmering blue altar of Sif Muna.
 10591 | D:9      | Found a hazy altar of Hepliaklqana.
 10591 | D:9      | Found an ancient bone altar of Kikubaaqudgha.
 11054 | D:9      | Found a staircase to the Lair.
 11062 | D:9      | Found a sparkling altar of Nemelex Xobeh.
 11298 | D:9      | Offered knowledge of Static Discharge by Vehumet.
 11337 | D:9      | Found a burning altar of Makhleb.
 11418 | D:10     | Entered Level 10 of the Dungeon
 11500 | D:10     | Killed from afar by a steam dragon

Illustrated notes

Levels and vault maps discovered:
D:1:      scummos_arrival_forest, layout_basic
D:2:      layout_rooms, nicolae_ru_great_annihilating_truth
D:3:      layout_loops_ring, grunt_decor_mini_mirrors, uniq_natasha
D:4:      minmay_recursive_quarters, layout_loops_ring, uniq_ijyb
D:5:      layout_loops_cross, minmay_temple_entry_junction, serial_bayou_pond_c,
          uniq_blork_the_orc
D:6:      layout_basic, vehumet_statue
D:7:      kennysheep_steamy, layout_layer_cave, kennysheep_mini, nzn_random_ring
D:8:      minmay_weird_star, layout_cave_pools, old_standard_altar,
          serial_gnoll_camp, gnoll_camp_medium_02, gnoll_camp_medium_01,
          serial_shops, shop, minmay_crystal_room, uniq_psyche
D:9:      layout_cave_pods, lemuel_round_altar, makhleb_altar_promises_db,
          chequers_temple_overflow_statue_of_worship, lair_entry_dummy
D:10:     erik_rubicon_a, layout_basic, uniq_josephine, uniq_fannar, uniq_erica
Temple:   dpeg_chambers_temple

Skill      XL: |  1  2  3  4  5  6  7  8  9 10 |
---------------+-------------------------------+-----
Stealth        | 3 |  3.0
Dodging        | 3 |  3.0
Spellcasting   | 4 5 6 8 9 10 | 10.3
Conjurations   | 5 6 7 8 9 |  9.4
Hexes          | 1 2 3 5 6 8 9 |  9.4
Translocations | 1 2 3 4 5 7 |  7.9
Shields        | 2 3 4 |  4.0

Action                   |  1- 3 |  4- 6 |  7- 9 | 10-12 || total
-------------------------+-------+-------+-------+-------++-------
Melee: Unarmed           |       |     1 |       |       ||     1
 Cast: Magic Dart        |    50 |    41 |    69 |    53 ||   213
       Searing Ray       |     6 |    21 |    78 |    42 ||   147
       Fulminant Prism   |       |       |     9 |     3 ||    12
       Iskenderun's Myst |       |       |     5 |       ||     5
  Use: Scroll            |       |     1 |     5 |     1 ||     7
Armor: Robe              |       |     1 |     8 |     5 ||    14
Dodge: Dodged            |       |     8 |    46 |    15 ||    69
Block: Other             |       |     3 |       |       ||     3
       Buckler           |       |       |       |     5 ||     5

Table legend: (Time is in decaauts)
 A = Elapsed time spent in this place.
 B = Non-inter-level travel time spent in this place.
 C = Inter-level travel time spent in this place.
 D = Time resting spent in this place.
 E = Time spent auto-exploring this place.
 F = Levels seen in this place.
 G = Mean time per level.
                   A        B        C        D        E       F      G
               +--------+--------+--------+--------+--------+-----+--------+
         Total |  11501 |  11274 |    227 |   1299 |   8753 |  11 | 1045.5 |
       Dungeon |  11281 |  11077 |    204 |   1299 |   8557 |  10 | 1128.1 |
        Temple |    219 |    196 |     23 |      0 |    196 |   1 |  219.0 |
               +--------+--------+--------+--------+--------+-----+--------+

Top non-repeatable levels by time:
     D:7: 1803 daAuts
     D:5: 1566 daAuts
     D:8: 1466 daAuts
     D:4: 1382 daAuts
     D:1: 1311 daAuts
     D:6: 1268 daAuts
     D:9: 878 daAuts
     D:2: 819 daAuts
     D:3: 703 daAuts
  Temple: 219 daAuts
    D:10: 81 daAuts
